 Seeded DCSS version 0.30-a0-715-gdb4ae3ece1 (webtiles) character file.

Game seed: 5430720872467839093 (custom seed)

197 OTABOTABOTAB the Conjurer (level 5, 28/28 HPs)
             Began as a Deep Elf Conjurer on Jan 23, 2023.
             Quit the game on level 2 of the Dungeon.
             The game lasted 00:04:32 (2288 turns).

OTABOTABOTAB the Conjurer (Deep Elf Conjurer)       Turns: 2288, Time: 00:04:33

Health: 28/28      AC:  4    Str: 10    XL:     5   Next: 46%
Magic:  13/13      EV: 13    Int: 30    God:
Gold:   1800       SH:  0    Dex: 18    Spells: 2/13 levels left

rFire   . . .      SeeInvis .    a - +3 short sword of the Manifold Quests {flame, rElec Int+5}
rCold   + . .      Faith    .    (no shield)
rNeg    . . .      Spirit   .    n - +2 robe of Binutifa {rPois Dex+5}
rPois   +          Reflect  .    (no helmet)
rElec   +          Harm     .    (no cloak)
rCorr   .          Rampage  .    (no gloves)
Will    .....                    (no boots)
Stlth   +++                      (no amulet)
HPRegen 0.24/turn                c - +6 ring of strength
MPRegen 0.13/turn                C - ring of protection from cold {rC+, !d}

@: no status effects
A: no striking features
a: no special abilities


You were on level 2 of the Dungeon.
You visited 1 branch of the dungeon, and saw 3 of its levels.

You collected 1800 gold pieces.

Inventory:

Hand Weapons
 a - the +3 short sword of the Manifold Quests (weapon) {flame, rElec Int+5}
   (You took it off an orc priest on level 3 of the Dungeon)

   Int:       It affects your intelligence (+5).
   rElec:     It insulates you from electricity.
Armour
 n - the +2 robe of Binutifa (worn) {rPois Dex+5}
   (You found it on level 3 of the Dungeon)

   Dex:       It affects your dexterity (+5).
   rPois:     It protects you from poison.
Jewellery
 c - a +6 ring of strength (left hand)
   (You found it on level 1 of the Dungeon)
 C - a ring of protection from cold (right hand) {rC+, !d}
   (You found it on level 2 of the Dungeon)
Scrolls
 e - a scroll of brand weapon {unknown}
 g - a scroll of teleportation {unknown}
 i - 3 scrolls of amnesia {unknown}
 k - a scroll of noise {unknown}
 l - 2 scrolls of identify {unknown}
 m - a scroll of torment {unknown}
 o - a scroll of enchant armour {unknown}
 p - a scroll of fog {unknown}
 q - a scroll of immolation {unknown}
Potions
 b - a potion of lignification {unknown}
 d - a potion of ambrosia {unknown}
 f - a potion of mutation {unknown}
 h - a potion of attraction {unknown}
 J - a potion of curing {@q1}


   Skills:
 - Level 3.5 Dodging
 - Level 3.6 Stealth
 + Level 4.6 Spellcasting
 + Level 5.3 Conjurations
 + Level 1.8 Hexes
 + Level 1.4 Translocations


You had 2 spell levels left.
You knew the following spells:

 Your Spells              Type           Power      Damage    Failure   Level
a - Magic Dart            Conj           100%       1d8       1%          1
b - Searing Ray           Conj           76%        2d7       1%          2
c - Fulminant Prism       Conj/Hex       14%        3d9       14%         4
x - Iskenderun's Mystic   Conj/Tloc      27%        2d7       16%         4

Your spell library contained the following spells:

 Spells                   Type           Power      Damage    Failure   Level
 Dazzling Flash           Conj/Hex       56%        N/A       4%          3
 Iskenderun's Battlesphe  Conj           38%        2d9       19%         5
 Fireball                 Conj/Fire      11%        3d7       50%         5
 Conjure Ball Lightning   Conj/Air       11%        3x3d6     97%         6
 Orb of Destruction       Conj           19%        9d8       99%         7


Dungeon Overview and Level Annotations

Branches:
Dungeon (3/15)

Altars:

Shops:
D:2 ?


Message History

Things that are here:
a +0 club; a +0 flail; a gnoll corpse A gnoll comes into view.
It is wielding a +0 whip.
MP restored: 12 The magic dart hits the gnoll.
The gnoll shouts!
You now have 11/12 mp.
The magic dart hits the gnoll.
You now have 10/12 mp.
The magic dart hits the gnoll.
You now have 9/12 mp.
Aim: a gnoll, wielding a +0 whip (almost dead, 83% to hit)
The searing ray hits the gnoll!
You kill the gnoll! (Press . to maintain the ray.)
You have reached level 5!
Health restored: 28 You now have 7/13 mp.
Found a stone staircase leading up.
MP restored: 13
There is a stone staircase leading up here.
An endoplasm comes into view.
An endoplasm is nearby!
The magic dart hits the endoplasm.
You now have 12/13 mp.
The magic dart hits the endoplasm!
You kill the endoplasm!
You now have 11/13 mp.
No target in view!
j - 4 scrolls labelled ICHANW HIUVOTE (gained 1)
Found a stone staircase leading up.
MP restored: 13
p - a scroll labelled FOAG OXIETEFUL
q - a scroll labelled ULOOHASMUSE
Found a stone staircase leading down.
There is a stone staircase leading up here.
There is a stone staircase leading up here.
A necrophage comes into view.
The magic dart hits the necrophage.
You now have 12/13 mp.
The magic dart hits the necrophage but does no damage.
You now have 11/13 mp.
The magic dart hits the necrophage.
You now have 10/13 mp.
Aim: a necrophage (moderately damaged, 81% to hit)
The searing ray hits the necrophage. (Press . to maintain the ray.)
You now have 8/13 mp.
The searing ray hits the necrophage.
You now have 7/13 mp.
The searing ray hits the necrophage.
You now have 6/13 mp.
The searing ray hits the necrophage!
You destroy the necrophage!
You finish channelling your searing ray.
Your Translocations skill increases to level 1!
You now have 5/13 mp.
You see here a +0 robe.
C - a ring of protection from cold {rC+, !d} MP restored: 13
Found a stone staircase leading down.
C - a ring of protection from cold (right hand) {rC+, !d} You see here 7 stones.
There is a stone staircase leading down here.
There is a stone staircase leading down here.
You see here 7 stones.
You see here 2 stones.
A bat is nearby!
A bat is nearby!
The magic dart hits the bat but does no damage.
You now have 12/13 mp.
No target in view!
No target in view!
A bat is nearby!
The magic dart hits the bat.
You kill the bat!
You now have 11/13 mp.
No target in view!
No target in view!
Done exploring.
MP restored: 13 Done exploring.
Done exploring.
This is a scroll of acquirement!
Something appears at your feet!
You now have enough gold to buy a scroll of blinking on this level, or buy a scroll of enchant armour on this level.
You now have 341 gold pieces (gained 261).
You see here a book of the Spheres.
Something appears at your feet!
You pick up a book of the Spheres and begin reading...
You add the spells Iskenderun's Battlesphere, Fireball, Conjure Ball Lightning and Orb of Destruction to your library.
Something appears at your feet!
You now have 785 gold pieces (gained 444).
Something appears at your feet!
You now have 1800 gold pieces (gained 1015).
Done exploring.
Done exploring.
Okay, then.
Done exploring.
Done exploring.
Done exploring.

#.# #..#.# #.# #..#
#.##########..#.## #.#
#..#
#..........#..#..###.#
#..#######
......####......∩....#
#.........
#####..........#######
##.#######
#..........# #.#
#.########.# #.#
#####.# #.##########.#
......# #..@.........#
####### ##############


There were no monsters in sight!

Vanquished Creatures
  A necrophage (D:2)
  An orc priest (D:3)
  An orc wizard (D:3)
  3 gnolls (D:2)
  An adder (D:2)
  3 orcs (D:3)
  3 ball pythons
  3 bats
  6 endoplasms
  4 hobgoblins
  4 jackals (D:1)
  5 kobolds
  2 quokkas (D:1)
  2 frilled lizards
  4 goblins
  A rat (D:1)
44 creatures vanquished.

Notes
Turn   | Place    | Note
-------+----------+-------------------------------------------
     0 | D:1      | OTABOTABOTAB the Deep Elf Conjurer began the quest for the
                  | Orb.
     0 | D:1      | Reached XP level 1. HP: 10/10 MP: 6/6
   212 | D:1      | Reached XP level 2. HP: 15/15 MP: 1/8
   216 | D:1      | Learned a level 2 spell: Searing Ray
   723 | D:1      | Reached skill level 3 in Stealth
  1152 | D:2      | Reached skill level 3 in Dodging
  1165 | D:2      | Found Doddoiw's Magic Scroll Shoppe.
  1182 | D:2      | You fall into a shaft and drop 1 floor!
  1184 | D:3      | Identified the +2 robe of Binutifa {rPois Dex+5}
  1213 | D:3      | Reached XP level 3. HP: 19/19 MP: 8/10
  1288 | D:3      | Identified the +3 short sword of the Manifold Quests
                  | {flame, rElec Int+5}
  1395 | D:3      | Reached skill level 4 in Spellcasting
  1395 | D:3      | Reached skill level 5 in Conjurations
  1395 | D:3      | Reached XP level 4. HP: 13/24 MP: 8/12
  1474 | D:3      | Learned a level 4 spell: Fulminant Prism
  1479 | D:3      | Learned a level 4 spell: Iskenderun's Mystic Blast
  1700 | D:2      | Reached skill level 1 in Hexes
  1816 | D:2      | Reached XP level 5. HP: 28/28 MP: 7/13
  1988 | D:2      | Reached skill level 1 in Translocations
  2280 | D:2      | Identified 4 scrolls of acquirement
  2280 | D:2      | Acquired 261 gold pieces
  2282 | D:2      | Acquired a book of the Spheres
  2284 | D:2      | Acquired 444 gold pieces
  2286 | D:2      | Acquired 1015 gold pieces
  2288 | D:2      | Quit the game

Illustrated notes

Levels and vault maps discovered:
D:1:      dpeg_arrival_boxes_within_box, layout_basic
D:2:      layout_loops_ring, serial_shops, shop, nicolae_kite_square_tiling_tiny
D:3:      layout_rooms, okawaru_metal_pillars_3, ebering_ecumenical_altar_rust

Skill      XL: |  1  2  3  4  5 |
---------------+----------------+-----
Stealth        | 3 |  3.6
Dodging        | 3 |  3.5
Spellcasting   | 4 |  4.6
Conjurations   | 5 |  5.3
Hexes          | 1 |  1.8
Translocations | 1 |  1.4

Action                     |  1- 3 |  4- 6 || total
---------------------------+-------+-------++-------
  Melee: Whip              |    13 |       ||    13
         Short sword       |       |     1 ||     1
   Cast: Magic Dart        |    51 |    28 ||    79
         Searing Ray       |     3 |     4 ||     7
    Use: Potion            |     2 |       ||     2
         Scroll            |       |     4 ||     4
 Armour: Robe              |     7 |       ||     7
  Dodge: Dodged            |    12 |     3 ||    15

Table legend: (Time is in decaauts)
 A = Elapsed time spent in this place.
 B = Non-inter-level travel time spent in this place.
 C = Inter-level travel time spent in this place.
 D = Time resting spent in this place.
 E = Time spent auto-exploring this place.
 F = Levels seen in this place.
 G = Mean time per level.
                   A        B        C        D        E       F      G
               +--------+--------+--------+--------+--------+-----+--------+
         Total |   2286 |   2251 |     35 |     37 |   1939 |   3 |  762.0 |
       Dungeon |   2286 |   2251 |     35 |     37 |   1939 |   3 |  762.0 |
               +--------+--------+--------+--------+--------+-----+--------+

Top non-repeatable levels by time:
     D:1: 1134 daAuts
     D:2: 843 daAuts
     D:3: 308 daAuts

Table legend:
 A = Kills in this place as a percentage of kills in entire the game.
 B = Kills by you in this place as a percentage of kills by you in the entire game.
 C = Kills by friends in this place as a percentage of kills by friends in the entire game.
 D = Other kills in this place as a percentage of other kills in the entire game.
 E = Experience gained in this place as a percentage of experience gained in the entire game.
 F = Experience gained in this place divided by the number of levels of this place that you have seen.
                   A       B       C       D       E      F
               +-------+-------+-------+-------+-------+----------------------
         Total | 100.0 | 100.0 |   N/A |   N/A | 100.0 |  94.0
       Dungeon | 100.0 | 100.0 |   N/A |   N/A | 100.0 |  94.0
               +-------+-------+-------+-------+-------+----------------------
